AoeStats
← Neverhz 0001

Arena

504779685Analyzed
4v4 RM · 25d ago on Sep 6, 2026· 35m 41s· 8 players
Game mode
Random Map
Map size
Large (8 player)
Population
200
Speed
Normal
Resources
Standard
Victory
Conquest
Starting age
Dark Age
Ending age
Imperial Age
RankedLock teamsTeams togetherTeam positionsShared explorationLock speedFull tech treeHidden civsTurbo modeCheats
Victory
Defeat
🇬🇧 Teutons · United Kingdom
925
+14
🇨🇳 Hindustanis · China
897
+16
🇨🇳 Cumans · China
895
+16
🇭🇰 Khmer · Hong Kong SAR China
894
+16
🇫🇷 Goths · France
924
-18
🇦🇷 Celts · Argentina
889
-15
🇺🇸 Aztecs · United States
881
-15
🇭🇺 Lithuanians · Hungary
858
-14
doodysniffer69
1:02 Loom
13:21 Feudal Age
17:37 Castle Age
18:23 Double-Bit Axe
20:17 Forging
25:06 Wheelbarrow
24:17 Town Watch
THEAVENGR
10:14 Feudal Age
14:50 Castle Age
12:39 Double-Bit Axe
18:43 Loom
19:35 Horse Collar
22:05 Stone Mining
22:59 Wheelbarrow
24:47 Bow Saw
26:24 Masonry
26:24 Gold Mining
31:59 Imperial Age
30:30 Forging
30:55 Heavy Plow
31:16 Husbandry
31:45 Bloodlines
32:08 Cavalier
34:07 Conscription
33:52 Murder Holes
35:53 Iron Casting
Neverhz 0001
9:49 Feudal Age
12:08 Loom
12:17 Horse Collar
14:10 Wheelbarrow
19:27 Castle Age
17:42 Double-Bit Axe
18:27 Gold Mining
21:06 Hand Cart
20:57 Squires
21:03 Heavy Plow
21:15 Bow Saw
22:07 Anarchy
26:16 Stone Mining
29:00 Forging
28:50 Scale Mail Armor
NESTORK
0:56 Loom
12:16 Feudal Age
12:46 Double-Bit Axe
12:59 Horse Collar
16:45 Town Watch
19:12 Castle Age
17:12 Gold Mining
17:42 Stone Mining
20:18 Bow Saw
22:26 Pikeman
23:14 Scale Mail Armor
23:24 Forging
25:16 Gold Shaft Mining
25:00 Chain Mail Armor
25:23 Iron Casting
28:49 Wheelbarrow
34:07 Ballistics
33:43 Murder Holes
szczuply23
0:31 Loom
13:36 Feudal Age
13:59 Horse Collar
14:08 Double-Bit Axe
14:23 Stone Mining
19:46 Castle Age
23:40 Gold Mining
25:42 Bow Saw
25:35 Heavy Plow
27:03 Fletching
27:53 Bodkin Arrow
32:03 Imperial Age
34:08 Crop Rotation
34:41 Two-Man Saw
34:32 Onager
36:38 Stone Shaft Mining
LQuan
10:48 Feudal Age
11:26 Double-Bit Axe
13:56 Horse Collar
16:58 Castle Age
15:09 Stone Mining
15:19 Loom
17:50 Gold Mining
18:10 Heavy Plow
18:34 Bow Saw
18:58 Forging
19:19 Gold Mining
19:14 Pikeman
22:00 Gold Shaft Mining
26:28 Stone Shaft Mining
29:35 Wheelbarrow
34:57 Imperial Age
33:25 Iron Casting
32:40 Fletching
32:51 Padded Archer Armor
32:56 Scale Barding Armor
32:44 Elite Skirmisher
35:01 Hand Cart
隔壁山水好
6:23 Loom
9:25 Feudal Age
11:23 Double-Bit Axe
17:57 Gold Mining
18:13 Horse Collar
19:01 Bloodlines
22:01 Castle Age
21:56 Man-at-Arms
22:53 Scale Barding Armor
23:00 Forging
23:31 Bow Saw
25:19 Capped Ram
28:33 Chain Barding Armor
29:32 Iron Casting
32:55 Gold Shaft Mining
32:59 Wheelbarrow
33:07 Herbal Medicine
35:54 Imperial Age
34:35 Hand Cart
34:07 Town Watch
34:53 Stone Mining
35:35 Heavy Plow
ysysys1996
11:26 Feudal Age
13:09 Loom
16:12 Castle Age
14:31 Double-Bit Axe
14:29 Horse Collar
16:33 Gold Mining
16:37 Stone Mining
17:34 Loom
18:31 Stone Shaft Mining
22:09 Heavy Plow
22:23 Bow Saw
27:07 Scale Mail Armor
27:17 Forging
32:24 Iron Casting
32:04 Chain Mail Armor
32:30 Gold Shaft Mining
33:18 Heavy Plow
35:16 Wheelbarrow
34:31 Town Watch
35:37 Grand Trunk Road
Connection lost

Rejoining the realm…

Still unreachable

The connection could not be restored.

Session expired

The server has moved on; the page needs a fresh start.